 Dungeon Crawl Stone Soup version 0.21.1-1-g345015f (webtiles) character file.

1668 Kairos the Twirler (level 9, -6/66 HPs)
             Began as a Human Gladiator on Mar 26, 2018.
             Was a Follower of Okawaru.
             Blown up by Maurice (22 damage)
             ... with a wand of disintegration (7)
             ... on level 7 of the Dungeon.
             The game lasted 00:18:29 (6965 turns).

Kairos the Twirler (Human Gladiator)                Turns: 6965, Time: 00:18:30

Health: -6/66      AC: 10    Str: 18    XL:     9   Next: 20%
Magic:  9/9        EV: 14    Int:  8    God:    Okawaru [*.....]
Gold:   364        SH:  0    Dex: 20    Spells: 8/8 levels left

rFire    . . .     SeeInvis .   a - +2 quarterstaff
rCold    . . .     Gourm    .   (shield currently unavailable)
rNeg     . . .     Faith    .   s - +0 ring mail
rPois    .         Spirit   .   c - +0 helmet
rElec    .         Reflect  .   m - +1 cloak
rCorr    .         Harm     .   g - +0 pair of gloves
MR       +....                  (no boots)
Stlth    ++........             L - amulet of regeneration
HPRegen  0.61/turn              e - +5 ring of dexterity
MPRegen  0.11/turn              y - ring of protection from magic

@: no status effects
A: no striking features
a: Heroism, Renounce Religion


You were on level 7 of the Dungeon.
You worshipped Okawaru.
Okawaru was aware of your devotion.
You were not hungry.

You visited 2 branches of the dungeon, and saw 9 of its levels.

You collected 364 gold pieces.

Inventory:

Hand Weapons
 a - a +2 quarterstaff (weapon)
 b - a +1 whip of flaming
 H - a cursed -3 hand axe
 M - the +8 scimitar of Saptusk {slice, *Slow +Inv rElec Int+3}
   (You found it on level 7 of the Dungeon)

   It inflicts extra damage upon your enemies.
   It affects your intelligence (+3).
   It insulates you from electricity.
   It lets you turn invisible.
   It may slow you when you take damage.
Missiles
 E - 2 tomahawks of returning (quivered)
Armour
 c - a +0 helmet (worn)
 g - a +0 pair of gloves (worn)
 m - a +1 cloak (worn)
 s - a +0 ring mail (worn)
Jewellery
 e - a +5 ring of dexterity (left hand)
 o - a +2 ring of protection
 y - a ring of protection from magic (right hand)
 G - an uncursed ring of protection from fire
 L - an amulet of regeneration (around neck)
Wands
 d - a wand of clouds (9)
 w - a wand of iceblast (16)
 D - a wand of polymorph (16)
Scrolls
 h - 8 scrolls of teleportation
 i - a scroll of noise {unknown}
 r - 2 scrolls of remove curse
 t - 2 scrolls of amnesia
 v - 3 scrolls of enchant armour
 C - 3 scrolls of fog
 F - a scroll of vulnerability {unknown}
 I - a scroll of random uselessness {unknown}
 K - a scroll of torment {unknown}
Potions
 j - 2 potions of curing
 k - 2 potions of magic
 l - a potion of degeneration {unknown}
 n - 2 potions of lignification {unknown}
 p - 2 potions of cancellation {unknown}
 q - a potion of mutation {unknown}
 u - 2 potions of agility {unknown}
 x - a potion of flight {unknown}
 z - 2 potions of brilliance {unknown}
 A - 2 potions of haste {unknown}
 B - a potion of might {unknown}
 N - a potion of resistance {unknown}
Books
 J - a book of Conjurations

   Spells                             Type                      Level
   a - Magic Dart                     Conjuration                  1
   b - Searing Ray                    Conjuration                  2
   c - Dazzling Spray                 Conjuration/Hexes            3
   d - Fulminant Prism                Conjuration/Hexes            4
   e - Force Lance                    Conjuration/Translocation    4
   f - Iskenderun's Mystic Blast      Conjuration                  4
Comestibles
 f - 15 rations


   Skills:
 + Level 4.6 Fighting
 + Level 7.9 Staves
 + Level 2.9 Throwing
 + Level 4.7 Armour
 + Level 4.6 Dodging
 + Level 3.0 Stealth
 + Level 0.1 Invocations


You had 8 spell levels left.
You didn't know any spells.

Dungeon Overview and Level Annotations

Branches:
Dungeon (8/15)             Temple (1/1) D:5
   Lair: D:8-11

Altars:
Ashenzari
Cheibriados
Dithmenos
Elyvilon
Fedhas
Gozag
Hepliaklqana
Kikubaaqudgha
Makhleb
Nemelex Xobeh
Okawaru
Qazlal
Ru
Sif Muna
Trog
Uskayaw
Vehumet
Wu Jian
Xom
Yredelemnul
Zin
The Shining One

Shops:
D:5 =   D:6 !

Annotations:
D:7 Maurice


Message History

There is an open door here.
You hear a zap.
You are blasted!
You hear a zap.
Something tries to affect you, but you resist.
You hear a zap.
You are blasted!
* * * LOW HITPOINT WARNING * * *
Maurice appears from thin air!
Reactivating autopickup.
Maurice zaps a wand.
You are blasted!
* * * LOW HITPOINT WARNING * * *
You're wearing all the rings you can.
Remove which one? (? for menu, Esc to cancel) < or
e - a +5 ring of dexterity; > or
o - a +2 ring of protection You remove your +2 ring of protection.
y - a ring of protection from magic (right hand) It was a potion of magic.
Magic courses through your body.
You feel better.
Maurice zaps a wand.
You are blasted!
You die...

##...## #...^..........#####
#.....## #####.######.####
.......## ##)###.# #..#.## #
........####...##.#######....####
........'....>................."'
........####.^.#.########....####
.......## ##.##.# #.#.## #
#.....## ####.# #.### ##...## #@#
#.# ##'## #.# #####.##### #.# #@#
#.........# #.# #.# #.#######.###
##.##### #.# #)# #....
##...##.########.# #.# #.###
#......#...{.....# #.# #....
##...#...######### #.# #.###
##.##.#.# #.# #.###


You could see Maurice.

Vanquished Creatures
  Pikel (D:5)
  An orc warrior (D:7)
  2 sky beasts
  A phantom (D:5)
  An ice beast (D:5)
  Blork the orc (D:5)
  3 bullfrogs
  A howler monkey (D:7)
  2 bullfrog zombies
  A jelly (D:7)
  An orc priest (D:4)
  A worker ant (D:6)
  Natasha (thrice) (D:3)
  An iguana (D:6)
  4 orc wizards
  A howler monkey zombie (D:5)
  4 gnolls (D:3)
  7 adders
  An ooze (D:2)
  4 worms
  5 dart slugs
  3 leopard geckos
  18 orcs
  5 bats
  4 giant cockroaches
  8 goblins
  6 hobgoblins
  4 jackals (D:2)
  A quokka (D:4)
  7 frilled lizards
  11 kobolds
  4 rats
117 creatures vanquished.

Notes
Turn   | Place    | Note
-------+----------+-------------------------------------------
     0 | D:1      | Kairos the Human Gladiator began the quest for the Orb.
     0 | D:1      | Reached XP level 1. HP: 16/16 MP: 1/1
    66 | D:1      | Reached XP level 2. HP: 19/22 MP: 2/2
   537 | D:1      | Reached XP level 3. HP: 26/28 MP: 3/3
   766 | D:2      | Found a shadowy altar of Dithmenos.
  1011 | D:2      | Reached XP level 4. HP: 32/34 MP: 4/4
  1210 | D:2      | Reached skill level 4 in Staves
  1257 | D:2      | Reached skill level 1 in Armour
  1365 | D:2      | Found a glowing silver altar of Zin.
  1696 | D:3      | Reached XP level 5. HP: 39/39 MP: 5/5
  1711 | D:3      | Noticed Natasha
  1716 | D:3      | Killed Natasha
  1764 | D:3      | Noticed Natasha
  1771 | D:3      | Killed Natasha
  1852 | D:3      | Reached XP level 6. HP: 41/46 MP: 6/6
  1992 | D:3      | Noticed Natasha
  2011 | D:3      | Killed Natasha
  2158 | D:3      | Reached skill level 1 in Stealth
  2410 | D:4      | Reached skill level 5 in Staves
  3389 | D:5      | Entered Level 5 of the Dungeon
  3464 | D:5      | Reached XP level 7. HP: 26/52 MP: 7/7
  4094 | D:5      | Reached skill level 6 in Staves
  4435 | D:5      | Found Aqa Seni's Jewellery Shop.
  4459 | D:5      | Found a staircase to the Ecumenical Temple.
  4469 | Temple   | Entered the Ecumenical Temple
  4597 | Temple   | Became a worshipper of Warmaster Okawaru
  4648 | D:5      | Noticed Blork the orc
  4665 | D:5      | Killed Blork the orc
  4898 | D:5      | Noticed Pikel
  4932 | D:5      | Killed Pikel
  4932 | D:5      | Reached * piety under Okawaru
  4932 | D:5      | Reached skill level 7 in Staves
  4932 | D:5      | Reached XP level 8. HP: 40/60 MP: 8/8
  5502 | D:6      | Found Ysigoxif's Distillery.
  6105 | D:7      | Reached XP level 9. HP: 57/65 MP: 9/9
  6214 | D:7      | Got a crude scimitar
  6215 | D:7      | Identified the +8 scimitar of Saptusk {slice, *Slow +Inv rElec Int+3} (You found it on level 7 of the Dungeon)
  6841 | D:8      | Noticed an elephant
  6923 | D:8      | Noticed Maurice
  6965 | D:7      | Blown up by Maurice

Skill      XL: |  1  2  3  4  5  6  7  8  9 |
---------------+----------------------------+-----
Staves         | 4 5 7 |  7.9
Armour         | 1 3 4 |  4.7
Stealth        | 1 2 3 |  3.0
Fighting       | 3 4 |  4.6
Dodging        | 4 |  4.6
Throwing       | |  2.9
Invocations    | |  0.1

Action                   |  1- 3 |  4- 6 |  7- 9 || total
-------------------------+-------+-------+-------++-------
Melee: Quarterstaff      |    90 |   230 |   209 ||   529
Throw: Throwing net      |       |       |     5 ||     5
       Tomahawk          |       |       |     3 ||     3
Invok: Heroism           |       |       |     1 ||     1
  Use: Scroll            |       |     4 |     5 ||     9
       Potion            |       |       |     2 ||     2
 Stab: Sleeping          |     2 |     2 |     2 ||     6
       Held in net/web   |       |       |     3 ||     3
  Eat: Chunk             |       |     7 |     3 ||    10
       Ration            |       |       |     3 ||     3
Armor: Leather armour    |    47 |    12 |       ||    59
       Ring mail         |       |    60 |    60 ||   120
Dodge: Dodged            |    60 |   133 |   122 ||   315
